 Dungeon Crawl Stone Soup version 0.20.1-1-g8b1a95d (webtiles) character file.

37 gobwax the Ruffian (level 3, 0/31 HPs)
             Began as a Naga Transmuter on Sept 9, 2017.
             Slain by a jackal (2 damage)
             ... on level 1 of the Dungeon.
             The game lasted 00:01:54 (1322 turns).

gobwax the Ruffian (Naga Transmuter)                Turns: 1322, Time: 00:01:55

Health: 0/31       AC:  2    Str: 12    XL:     3   Next: 39%
Magic:  5/6        EV: 10    Int: 14    God:
Gold:   103        SH:  0    Dex: 11    Spells: 5/6 levels left

rFire    . . .     SeeInvis +     - Unarmed
rCold    . . .     Gourm    .   (no shield)
rNeg     . . .     Faith    .   b - +0 robe
rPois    +         Spirit   .   (no helmet)
rElec    .         Reflect  .   (no cloak)
rCorr    .         Harm     .   (no gloves)
MR       .....                  (no barding)
Stlth    +.........             (no amulet)
Regen    0.1/turn               (no ring)
MPRegen  0.1/turn               (no ring)

@: appendage, very slow
A: horns 2, see invisible, deformed body, poison resistance, slowness 2, slow
metabolism 1, spit poison 1, AC +1
a: Spit Poison, End Transformation


You were on level 1 of the Dungeon.
You were not hungry.
You had grown temporary horns.
You visited 1 branch of the dungeon, and saw 2 of its levels.

You collected 103 gold pieces.

Inventory:

Missiles
 a - 12 arrows
Armour
 b - a +0 robe (worn)
Jewellery
 i - a cursed ring of loudness {unknown}
Scrolls
 e - a scroll of remove curse {unknown}
 h - a scroll of teleportation {unknown}
Books
 c - a book of Changes

   Spells                             Type                      Level
   a - Beastly Appendage              Transmutation                1
   b - Sticks to Snakes               Transmutation                2
   c - Spider Form                    Transmutation/Poison         3
   d - Ice Form                       Ice/Transmutation            4
   e - Blade Hands                    Transmutation                5
Comestibles
 d - a bread ration
 g - 2 royal jellies
 j - a fruit


   Skills:
 + Level 1.0 Fighting
 + Level 1.9 Dodging
 + Level 3.4 Unarmed Combat
 + Level 2.3 Spellcasting
 * Level 2.5 Transmutations


You had 5 spell levels left.
You knew the following spells:

 Your Spells              Type           Power        Failure   Level  Hunger
a - Beastly Appendage     Tmut           #.....       9%          1    #......


Dungeon Overview and Level Annotations

Branches:
Dungeon (2/15)

Altars:


Innate Abilities, Weirdness & Mutations

You cannot wear boots.
Your serpentine skin is tough. (AC +1)
You have supernaturally acute eyesight. (SInv)
Armour fits poorly on your strangely shaped body.
Your system is resistant to poisons. (rPois)
You cover ground very slowly.
You have a slow metabolism.
You can spit poison.
You have a pair of horns on your head.


Message History

You hit the jackal.
You kill the jackal!
The jackal bites you. The jackal completely misses you.
You closely miss the jackal. The jackal bites you. x2
The jackal barely misses you.
You barely miss the jackal. The jackal bites you.
* * * LOW HITPOINT WARNING * * *
The jackal bites you.
* * * LOW HITPOINT WARNING * * *
The jackal bites you.
* * * LOW HITPOINT WARNING * * *
You hit the jackal but do no damage.
The jackal bites you but does no damage. x2
You aren't carrying any potions.
Unknown command.
Casting: Beastly Appendage
Confirm with . or Enter, or press ? or * to list all spells.
You grow a pair of large bovine horns.
The jackal barely misses you. The jackal bites you.
You die...

### #############.#
#.............# #######
##.##########.# #######......
#.##########.## ##............
#.............#####..........≈..
############..#@h.......≈≈..≈≈≈≈
#...#..#†h.....≈≈≈≈P≈P≈≈≈
####.#.#..#.>.†..P.P≈≈≈≈≈≈≈≈
#..)..........≈..P≈≈≈≈≈≈≈≈≈)
###.##.#........≈≈P≈≈≈≈≈≈≈≈≈P≈
#...##.#..)....≈P≈≈≈≈≈P≈≈≈...≈
#.####.#.#..(.≈.≈≈≈≈≈P≈.≈≈P...
#.#...)........≈≈≈≈≈≈≈.P....†.
#.##.#.#.#†.≈≈P≈≈≈≈≈......#.).


You could see 2 jackals.

Vanquished Creatures
  A dart slug (D:1)
  2 leopard geckos (D:1)
  3 giant cockroaches (D:1)
  3 goblins (D:1)
  3 hobgoblins (D:1)
  A jackal (D:1)
  2 bats (D:1)
  A frilled lizard (D:1)
  10 kobolds (D:1)
  5 rats (D:1)
31 creatures vanquished.

Notes
Turn   | Place    | Note
-------+----------+-------------------------------------------
     0 | D:1      | gobwax the Naga Transmuter began the quest for the Orb.
     0 | D:1      | Reached XP level 1. HP: 18/18 MP: 3/3
   394 | D:1      | Reached XP level 2. HP: 25/25 MP: 3/5
   747 | D:1      | Reached XP level 3. HP: 28/31 MP: 4/6
  1322 | D:1      | Slain by a jackal

Action                   || total
-------------------------++-------
Melee: Unarmed           ||    97
       Headbutt          ||     6
 Cast: Beastly Appendage ||    25
 Abil: Spit Poison       ||     2
  Use: Potion            ||     1
 Stab: Sleeping          ||     1
  Eat: Chunk             ||     1
Armor: Robe              ||    19
Dodge: Dodged            ||    68
